 Dungeon Crawl Stone Soup version 0.16-a0-3476-g5f3739d (webtiles) character file.

256 Sientara the Chopper (level 6, -1/35 HPs)
             Began as a Gargoyle Gladiator on Jan 3, 2015.
             Slain by dongtrain's ghost (6 damage)
             ... on level 3 of the Dungeon.
             The game lasted 00:07:29 (3065 turns).

Sientara the Chopper (Gargoyle Gladiator)           Turns: 3065, Time: 00:07:29

Health: -1/35      AC:  8    Str: 20    XL:     6   Next: 15%
Magic:  7/7        EV: 12    Int:  9    God:
Gold:   89         SH:  0    Dex: 10    Spells: 0 memorised, 5 levels left

rFire  . . .     SeeInvis .     a - +0 war axe
rCold  + . .     Clarity  .     b - +0 leather armour
rNeg   + . .     SustAb   .     (no shield)
rPois  ∞         Gourm    .     c - +0 helmet
rElec  +         Spirit   .     (no cloak)
rCorr  .         Warding  .     (no gloves)
rMut   .         Stasis   .     (no boots)
MR     .....                    (no amulet)
Stlth  +.........               (no ring)
                                j - ring of protection from cold

@: not resistant to hostile enchantments, very unstealthy
A: negative energy resistance 1, electricity resistance, unbreathing,
petrification resistance, rot immunity, AC +4
a: no special abilities


You were on level 3 of the Dungeon.
You were not hungry.

You visited 1 branch of the dungeon, and saw 3 of its levels.

You collected 89 gold pieces.

Inventory:

Hand weapons
 a - a +0 war axe (weapon)
Missiles
 t - 2 throwing nets (quivered)
Armour
 b - a +0 leather armour (worn)
 c - a +0 helmet (worn)
Jewellery
 j - a ring of protection from cold (left hand)
Magical devices
 q - a wand of draining (0)
Scrolls
 e - 2 scrolls of magic mapping {unknown}
 g - 2 scrolls of fear {unknown}
 l - a scroll of noise {unknown}
 m - a scroll of recharging {unknown}
 o - 2 scrolls of teleportation {unknown}
 p - a scroll of identify {unknown}
 r - 2 scrolls of enchant armour {unknown}
 s - a scroll of random uselessness {unknown}
Potions
 i - a potion of heal wounds {unknown}
 v - 2 potions of magic {unknown}
Comestibles
 f - 3 bread rations
 k - a meat ration
 n - a slice of pizza
 u - 3 fruits


   Skills:
 - Level 2.1 Fighting
 * Level 5.8 Axes
 - Level 2.0 Throwing
 - Level 2.4 Dodging
 + Level 1.7 Evocations


You had 5 spell levels left.
You didn't know any spells.

Dungeon Overview and Level Annotations

Branches:
Dungeon (3/15)

Altars:

Annotations:
D:3 dongtrain's ghost, average KoGl


Innate Abilities, Weirdness & Mutations

You are resistant to torment.
You are immune to poison.
Your stone body is very resilient (AC +4).
You resist negative energy.
You are resistant to electric shocks.
You can survive without breathing.
You are immune to petrification.
You are immune to rotting.


Message History

* * * LOW HITPOINT WARNING * * *
Damage: -3%(-1hp) hp: 29%(10hp) Unknown command.
You closely miss dongtrain's ghost.
Dongtrain's ghost is moderately damaged.
Dongtrain's ghost hits you.
* * * LOW HITPOINT WARNING * * *
Huge Dmg: -11%(-4hp) hp: 18%(6hp) Drink which item? (? for menu, Esc to quit)
You feel better. Dongtrain's ghost barely misses you.
You closely miss dongtrain's ghost.
Dongtrain's ghost is moderately damaged.
Dongtrain's ghost hits you!
* * * LOW HITPOINT WARNING * * *
Dongtrain's ghost hits you but does no damage.
Huge Dmg: -23%(-8hp) hp: 15%(5hp) Drink which item? (? for menu, Esc to quit)
It was a potion of poison.
You feel slightly nauseous. Dongtrain's ghost hits you.
You die...

#...# #.........#......
##..###########.#######
#.>..........#..).# #
############.####.# #
#.#..#.# # #.#..#.# #
#.#..#.# #
##########.#..#.# #
#(.@............# #
##W#######.#########
#.# #.......... #.#
########### #.# #.# #.#
..# ###


You could see dongtrain's ghost.

Vanquished Creatures
  Sigmund (D:3)
  An orc wizard (D:3)
  4 gnolls
  5 adders
  2 worms
  2 giant geckos
  5 orcs (D:3)
  A ball python (D:2)
  3 giant cockroaches
  4 goblins (D:3)
  8 hobgoblins
  4 quokkas
  7 bats
  3 giant newts
  9 kobolds
  5 rats
  A ballistomycete (D:3)
65 creatures vanquished.

Vanquished Creatures (others)
  A giant spore (D:3)
1 creature vanquished.

Grand Total: 66 creatures vanquished

Notes
Turn   | Place    | Note
--------------------------------------------------------------
     0 | D:1      | Sientara, the Gargoyle Gladiator, began the quest for the Orb.
     0 | D:1      | Reached XP level 1. HP: 12/12 MP: 1/1
   137 | D:1      | Reached skill level 3 in Axes
   137 | D:1      | Reached XP level 2. HP: 17/17 MP: 2/2
   444 | D:1      | Reached XP level 3. HP: 21/21 MP: 3/3
   816 | D:2      | Reached skill level 4 in Axes
   855 | D:2      | Huge Dmg: 6 dmg
  1013 | D:2      | Reached XP level 4. HP: 19/26 MP: 4/4
  1016 | D:2      | Huge Dmg: 4 dmg
  1020 | D:2      | Huge Dmg: 5 dmg
  1022 | D:2      | Huge Dmg: 5 dmg
  1024 | D:2      | HP: 1/26 [gnoll/spear (3)]
  1025 | D:2      | Huge Dmg: 3 dmg
  1666 | D:3      | Reached skill level 5 in Axes
  1670 | D:3      | Huge Dmg: 6 dmg
  1673 | D:3      | Huge Dmg: 5 dmg
  1675 | D:3      | Reached XP level 5. HP: 17/30 MP: 5/5
  1842 | D:3      | Huge Dmg: 11 dmg
  2152 | D:3      | Noticed Sigmund
  2160 | D:3      | Huge Dmg: 11 dmg
  2161 | D:3      | Huge Dmg: 9 dmg
  2162 | D:3      | Huge Dmg: 5 dmg
  2173 | D:3      | Killed Sigmund
  2173 | D:3      | Reached skill level 1 in Evocations
  2173 | D:3      | Reached XP level 6. HP: 5/35 MP: 5/7
  3048 | D:3      | Noticed dongtrain's ghost (average KoGl)
  3058 | D:3      | Huge Dmg: 7 dmg
  3059 | D:3      | Huge Dmg: 7 dmg
  3063 | D:3      | Huge Dmg: 4 dmg
  3065 | D:3      | Huge Dmg: 8 dmg
  3065 | D:3      | Slain by dongtrain's ghost

Action                   |  1- 3 |  4- 6 || total
-------------------------+-------+-------++-------
Melee: War axe           |    64 |   173 ||   237
Throw: Throwing net      |     1 |     3 ||     4
Evoke: Wand              |       |     1 ||     1
  Use: Potion            |       |     3 ||     3
  Eat: Chunk             |       |     7 ||     7
